 Dungeon Crawl Stone Soup version 0.25-a0-105-g2289b3b (webtiles) character file.

Game seed: 8694132891878002364, levelgen mode: deterministic

8630 JimmahDean the Spear-Bearer (level 11, 0/88 HPs)
             Began as a Demonspawn Wanderer on Nov 15, 2019.
             Was a Priest of Qazlal.
             Slain by a torpor snail (9 damage)
             ... on level 1 of the Lair of Beasts on Nov 16, 2019.
             The game lasted 00:39:33 (12492 turns).

JimmahDean the Spear-Bearer (Demonspawn Wanderer)  Turns: 12492, Time: 00:39:34

Health: 0/88       AC: 21    Str: 17    XL:     11   Next: 12%
Magic:  16/16      EV:  4    Int: 15    God:    Qazlal [***...]
Gold:   588        SH:  4    Dex: 12    Spells: 10/10 levels left

rFire    . . .     SeeInvis +   a - +0 halberd
rCold    . . .     Gourm    .   (shield currently unavailable)
rNeg     . . .     Faith    .   N - +3 plate armour {rPois}
rPois    +         Spirit   .   (helmet restricted)
rElec    .         Reflect  .   v - +1 cloak
rCorr    .         Harm     .   D - +2 pair of gloves
MR       ++...                  I - +0 pair of boots
Stlth    ..........             M - amulet of magic regeneration
HPRegen  0.24/turn              T - ring of protection from magic
MPRegen  0.40/turn              Q - ring of protection from magic

@: slowed, studying Necromancy, very slow
A: antennae 2, hooves 1, iridescent scales 1, see invisible, powered by death 2,
powered by pain 3, robust 1, strong 1
a: Upheaval, Elemental Force, Renounce Religion


You were on level 1 of the Lair of Beasts.
You worshipped Qazlal.
Qazlal was most pleased with you.
You were not hungry.

You visited 2 branches of the dungeon, and saw 12 of its levels.
You also visited: Ossuary.

You collected 588 gold pieces.

Inventory:

Hand Weapons
 a - a +0 halberd (weapon)
 b - a +0 trident
Missiles
 l - 76 poisoned darts (quivered)
 x - 4 atropa-tipped darts
 B - 9 curare-tipped darts
 L - 2 throwing nets {!f}
Armour
 e - a +0 shield
 m - a +0 chain mail
 v - a +1 cloak (worn)
 w - a +3 scale mail
 A - a +2 helmet
 D - a +2 pair of gloves (worn)
 I - a +0 pair of boots (worn)
 N - a +3 plate armour of poison resistance (worn)
Jewellery
 i - an uncursed ring of magical power
 u - an uncursed ring of resist corrosion
 M - an amulet of magic regeneration (around neck)
 Q - a ring of protection from magic (right hand)
 T - a ring of protection from magic (left hand)
Wands
 n - a wand of acid (14)
 t - a wand of polymorph (6)
 E - a wand of iceblast (8)
 G - a wand of digging (3)
 U - a wand of flame (7)
 W - a wand of paralysis (9)
Scrolls
 c - 6 scrolls of teleportation {@r4}
 h - 11 scrolls of remove curse {@r2}
 p - 6 scrolls of fog {@r3}
 q - a scroll of noise {!r}
 r - 4 scrolls of enchant weapon
 y - 3 scrolls of amnesia
 K - 2 scrolls of identify {@r1}
 P - 2 scrolls of magic mapping {unknown}
 R - a scroll of acquirement {unknown}
Potions
 d - 3 potions of invisibility
 g - a potion of mutation {!q}
 j - 3 potions of might
 k - 5 potions of haste {@q3}
 o - a potion of brilliance {unknown}
 s - 6 potions of heal wounds {@q2}
 z - 2 potions of resistance
 C - a potion of flight {unknown}
 F - 2 potions of agility
 J - a potion of degeneration {unknown}
 O - a potion of cancellation {unknown}
 V - 6 potions of curing {@q1}
Books
 H - a manual of Necromancy {!d}
Comestibles
 f - 28 rations {@e1}
 S - 2 chunks of flesh


   Skills:
 - Level 5.2 Fighting
 * Level 13.8 Polearms
   Level 2.6 Bows
 - Level 1.0 Throwing
 - Level 1.0 Armour
 - Level 1.7 Stealth
 + Level 7.2 Invocations


You had 10 spell levels left.
You didn't know any spells.
Your spell library contained the following spells:

 Spells                   Type           Power        Failure   Level  Hunger
 Blink                    Tloc           N/A          100%        2    ###....
 Shroud of Golubria       Chrm/Tloc      #.....       100%        2    ###....
 Gell's Gravitas          Tloc           #.........   100%        3    ####...
 Lesser Beckoning         Tloc           #.........   100%        3    ####...
 Teleport Other           Tloc           #.......     100%        3    ####...
 Passage of Golubria      Tloc           N/A          100%        4    #####..


Dungeon Overview and Level Annotations

Branches:
Dungeon (11/15)            Temple (0/1) D:7            Lair (1/6) D:8
Ossuary (visited)
    Orc: D:9-12

Altars:
Ashenzari
Cheibriados
Qazlal
Sif Muna
Trog
Wu Jian

Annotations:
D:5 1 runed translucent door, sauken's ghost, novice NaWr


Innate Abilities, Weirdness & Mutations

You have a pair of antennae on your head.
You are partially covered in iridescent scales. (AC +2)
You regenerate health from kills.
You are powered by pain.
You have large cloven feet.
You have supernaturally acute eyesight. (SInv)
You are robust. (+10% HP)
Your muscles are strong. (Str +2)


Message History

You see here a poisoned dart.
You take 1 damage, and have 8/88 hp.
You feel sick.
You see here a poisoned dart.
You take 1 damage, and have 7/88 hp.
You feel sick.
You take 1 damage, and have 7/88 hp.
You feel sick.
You take 1 damage, and have 7/88 hp.
You feel sick.
You take 1 damage, and have 7/88 hp.
You feel yourself speed up.
Being near the torpor snail leaves you feeling lethargic.
You feel sick.
The torpor snail bites you but does no damage.
You feel sick.
You are no longer poisoned.
A torpor snail comes into view.
The torpor snail bites you!
You die...

?.....# .P .. #.....# #.#
... #.....#######.#
..###.............# .
..................#####..
#..)...................
#...........☼w........
#........(...@w...#
#....##..###.#...##
#....##### #####.#
###....# #.# ##......#
##.# ........# #..##
........# ##..# ........#
##.## ........# ######
#..##


You could see 2 torpor snails.

Vanquished Creatures
  Harold (Lair:1)
  Pikel (D:7)
  A cyclops (D:9)
  A torpor snail (Lair:1)
  A centaur zombie (D:10)
  2 gargoyles (D:10)
  3 hornets
  A troll (D:10)
  Prince Ribbit (D:7)
  A hippogriff (D:8)
  A basilisk (D:9)
  A hungry ghost (D:7)
  Edmund (D:5)
  An acid dragon (D:10)
  A water moccasin (Lair:1)
  A soldier ant (D:8)
  Duvessa (D:5)
  An orc warrior (D:7)
  A slave (D:7)
  A phantom (D:8)
  3 sky beasts
  5 ice beasts
  2 ogres
  2 crocodiles
  A centaur (D:7)
  Blork the orc (D:5)
  2 big kobolds (D:10)
  5 bullfrogs
  A gnoll sergeant (D:9)
  3 water moccasin zombies (Ossuary)
  3 scorpions
  Dowan (D:5)
  4 killer bees
  4 electric eels (D:9)
  3 howler monkeys (D:5)
  A bullfrog zombie (D:10)
  3 crimson imps
  2 bullfrog skeletons
  5 orc wizards
  4 orc priests
  A centaur skeleton (D:9)
  A jelly (D:8)
  2 iguanas (D:10)
  Ijyb (D:3)
  8 worker ants
  3 big kobold zombies (Ossuary)
  A hound zombie (D:5)
  A hound skeleton (D:7)
  2 mummies (Ossuary)
  4 gnolls (D:9)
  12 adders
  3 shadow imps
  An ooze (D:2)
  3 adder zombies (Ossuary)
  3 worms
  3 dart slugs (D:1)
  2 leopard geckos
  33 orcs
  2 giant cockroaches (D:1)
  5 gnoll zombies (Ossuary)
  14 goblins
  10 hobgoblins
  16 jackals
  3 quokkas
  7 bats
  5 frilled lizards
  7 hobgoblin zombies (Ossuary)
  A jackal skeleton (D:8)
  8 kobolds
  4 kobold zombies (Ossuary)
  5 orc zombies (Ossuary)
  A quokka zombie (D:8)
  4 rats
254 creatures vanquished.

Vanquished Creatures (others)
  2 slaves (D:7)
  An ogre (D:7)
  A bullfrog (D:7)
  An orc (D:7)
  A fungus (Lair:1)
6 creatures vanquished.

Grand Total: 260 creatures vanquished

Notes
Turn   | Place    | Note
-------+----------+-------------------------------------------
     0 | D:1      | JimmahDean the Demonspawn Wanderer began the quest for the
                  | Orb.
     0 | D:1      | JimmahDean set off with the following items: a +2 spear, a
                  | potion of curing {@q1}, a scroll of teleportation {@r4}, a
                  | +0 robe, a +0 dagger, a ration {@e1}
     0 | D:1      | Reached XP level 1. HP: 16/16 MP: 1/1
    20 | D:1      | Gained mutation: Your muscles are strong. (Str +2) [potion
                  | of mutation]
    20 | D:1      | Gained mutation: You have supernaturally acute eyesight.
                  | (SInv) [potion of mutation]
    20 | D:1      | Gained mutation: You have large cloven feet. [potion of
                  | mutation]
    20 | D:1      | Gained mutation: You are robust. (+10% HP) [potion of
                  | mutation]
   301 | D:1      | Gained mutation: You sometimes gain a little power by
                  | taking damage. [demonic ancestry]
   301 | D:1      | Reached XP level 2. HP: 24/24 MP: 2/2
   309 | D:1      | Reached skill level 2 in Polearms
   715 | D:1      | Gained mutation: You sometimes gain power by taking damage.
                  | [demonic ancestry]
   715 | D:1      | Reached XP level 3. HP: 29/29 MP: 3/3
   932 | D:2      | Reached skill level 3 in Polearms
  1086 | D:2      | You fall into a shaft and drop 2 floors!
  1086 | D:4      | Found a shimmering blue altar of Sif Muna.
  1106 | D:4      | Gained mutation: You regenerate a little health from kills.
                  | [demonic ancestry]
  1106 | D:4      | Reached XP level 4. HP: 23/36 MP: 4/4
  1479 | D:3      | Reached skill level 4 in Polearms
  1688 | D:3      | Reached XP level 5. HP: 25/41 MP: 5/5
  1988 | D:3      | Noticed Ijyb
  1988 | D:3      | Paralysed by Ijyb for 4 turns
  1996 | D:3      | Paralysed by Ijyb for 7 turns
  2012 | D:3      | Killed Ijyb
  2012 | D:3      | Reached skill level 5 in Polearms
  2673 | D:2      | Found an ornate altar of the Wu Jian Council.
  2676 | D:2      | Found a stormy altar of Qazlal.
  2682 | D:2      | Found a bloodstained altar of Trog.
  2688 | D:2      | Became a worshipper of Qazlal Stormbringer
  2912 | D:3      | Reached XP level 6. HP: 39/48 MP: 6/6
  3607 | D:4      | Reached skill level 6 in Polearms
  3888 | D:5      | Entered Level 5 of the Dungeon
  3888 | D:5      | Noticed Sigmund
  3890 | D:5      | Noticed Sigmund
  3890 | D:5      | Sigmund changed into Sigmund the howler monkey
  3895 | D:5      | Killed Sigmund the howler monkey
  3947 | D:5      | Noticed an ice beast
  3970 | D:5      | Killed an ice beast
  4105 | D:5      | Noticed Dowan
  4129 | D:5      | Killed Dowan
  4129 | D:5      | Gained mutation: You regenerate health from kills. [demonic
                  | ancestry]
  4129 | D:5      | Reached XP level 7. HP: 42/55 MP: 7/7
  4321 | D:5      | Reached skill level 7 in Polearms
  4344 | D:5      | Noticed Duvessa
  4390 | D:5      | Killed Duvessa
  4414 | D:5      | Found a runed translucent door.
  4420 | D:5      | Noticed sauken's ghost (novice NaWr)
  4470 | D:5      | Noticed Edmund
  4492 | D:5      | Killed Edmund
  4556 | D:5      | Reached * piety under Qazlal
  4556 | D:5      | Reached skill level 8 in Polearms
  4667 | D:5      | Noticed Blork the orc
  4680 | D:5      | Killed Blork the orc
  4680 | D:5      | Gained mutation: You have a pair of small antennae on your
                  | head. [demonic ancestry]
  4680 | D:5      | Reached XP level 8. HP: 51/61 MP: 8/8
  5104 | D:6      | Reached skill level 9 in Polearms
  5235 | D:6      | Found a snail-covered altar of Cheibriados.
  5550 | D:7      | Found a staircase to the Ecumenical Temple.
  5732 | D:7      | Reached skill level 10 in Polearms
  5754 | D:7      | Noticed Prince Ribbit
  5785 | D:7      | Killed Prince Ribbit
  5984 | D:7      | Gained mutation: You have a pair of antennae on your head.
                  | [demonic ancestry]
  5984 | D:7      | Reached XP level 9. HP: 48/70 MP: 9/9
  5996 | D:7      | Reached ** piety under Qazlal
  6406 | D:7      | Found a shattered altar of Ashenzari.
  6527 | D:7      | Noticed Pikel
  6565 | D:7      | Killed Pikel
  6565 | D:7      | Reached skill level 11 in Polearms
  7385 | D:8      | Found a staircase to the Lair.
  7451 | D:8      | Reached skill level 5 in Fighting
  7697 | D:8      | Reached skill level 12 in Polearms
  7956 | D:8      | Found a sand-covered staircase.
  7961 | Ossuary  | Entered an ossuary
  7994 | Ossuary  | Gained mutation: You are powered by pain. [demonic
                  | ancestry]
  7994 | Ossuary  | Reached XP level 10. HP: 81/81 MP: 10/10
  8038 | Ossuary  | Reached *** piety under Qazlal
  8083 | Ossuary  | Reached skill level 1 in Invocations
  9293 | D:9      | Noticed a cyclops
  9301 | D:9      | Killed a cyclops
 11031 | D:10     | Entered Level 10 of the Dungeon
 11131 | D:10     | Paralysed by a hornet for 1 turns
 11138 | D:10     | Reached skill level 13 in Polearms
 11138 | D:10     | Reached skill level 5 in Invocations
 11198 | D:10     | Noticed a gargoyle
 11206 | D:10     | Killed a gargoyle
 11531 | D:10     | Reached **** piety under Qazlal
 11532 | D:10     | Noticed a gargoyle
 11541 | D:10     | Killed a gargoyle
 12164 | D:11     | Noticed a five-headed hydra
 12255 | Lair:1   | Entered Level 1 of the Lair of Beasts
 12288 | Lair:1   | Noticed a torpor snail
 12303 | Lair:1   | Noticed a torpor snail
 12348 | Lair:1   | Noticed Harold
 12414 | Lair:1   | Killed Harold
 12414 | Lair:1   | Gained mutation: You are partially covered in iridescent
                  | scales. (AC +2) [demonic ancestry]
 12414 | Lair:1   | Reached XP level 11. HP: 28/88 MP: 2/16
 12492 | Lair:1   | Slain by a torpor snail

Levels and vault maps discovered:
D:1:      dpeg_arrival_refuge, layout_loops_ring, st_stairs_2
D:2:      layout_loops_ring, grunt_temple_overflow_diamond, minmay_cupped
D:3:      kennysheep_goblin_castle, layout_rooms
D:4:      layout_basic, old_standard_altar, hangedman_abyss_or_decor_lesser_grid
D:5:      layout_basic, first_ration, ebering_ghost_reflecting_pool,
          minmay_manual_mandibuliform, uniq_blork_the_orc, uniq_duvessa,
          uniq_edmund, uniq_sigmund
D:6:      layout_rooms, kennysheep_mini_moat
D:7:      layout_basic, nicolae_ashenzari_panopticon,
          nicolae_overflow_hidden_temple, minmay_temple_entry_junction,
          uniq_pikel, uniq_prince_ribbit1
D:8:      layout_basic, lair_entry_dummy, nicolae_ossuary_entry_false_entrances,
          hangedman_pestilent_swarm, hangedman_decor_riveting, st_stairs_10
D:9:      layout_basic
D:10:     layout_irregular_city
D:11:     layout_big_octagon, minmay_statue_crystal_thing
Lair:1:   layout_chaotic_city, basic_altar, kennysheep_snail_temple,
          grunt_megastairs_5, uniq_harold

Skill      XL: |  1  2  3  4  5  6  7  8  9 10 |
---------------+-------------------------------+-----
Polearms       | 2 3 4 5 6 8 10 12 13 | 13.8
Fighting       | 3 5 |  5.2
Invocations    | 7 |  7.2
Bows           | |  2.6
Throwing       | |  1.0
Armour         | |  1.0
Stealth        | |  1.7

Action                   |  1- 3 |  4- 6 |  7- 9 | 10-12 || total
-------------------------+-------+-------+-------+-------++-------
Melee: Spear             |    92 |   194 |   280 |       ||   566
       Kick              |    16 |    36 |    26 |       ||    78
       Halberd           |       |       |   229 |   440 ||   669
Throw: Dart              |     4 |    50 |    56 |     8 ||   118
Invok: Upheaval          |       |       |       |     6 ||     6
Evoke: Wand              |       |     2 |     5 |     5 ||    12
  Use: Potion            |     1 |       |       |       ||     1
       Scroll            |       |     7 |     4 |     6 ||    17
 Stab: Sleeping          |     5 |       |       |       ||     5
       Distracted        |       |     1 |       |       ||     1
  Eat: Chunk             |     1 |     9 |    16 |    10 ||    36
       Ration            |       |       |       |     2 ||     2
Armor: Leather armour    |    22 |    37 |       |       ||    59
       Chain mail        |       |    11 |    11 |       ||    22
       Scale mail        |       |       |   151 |    22 ||   173
       Plate armour      |       |       |       |   122 ||   122
Dodge: Dodged            |    24 |    53 |   127 |    67 ||   271
       Deflected         |       |       |       |     1 ||     1
Block: Shield            |       |     7 |    64 |       ||    71
       Other             |       |       |    18 |    44 ||    62

Table legend:
 A = Non-vault XP
 B = Vault XP
 C = Vault XP percentage of total XP
 D = Non-vault monster count
 E = Vault monster count
 F = Vault count percentage of total count
                 A         B        C        D         E       F
            +---------+---------+-------+---------+---------+-------
      Total |    7818 |    4511 |  36.6 |     186 |      67 |  26.5
            +---------+---------+-------+---------+---------+-------
        D:1 |      37 |       5 |  11.9 |      19 |       2 |   9.5
        D:2 |      46 |       3 |   6.1 |      16 |       2 |  11.1
        D:3 |     255 |      68 |  21.1 |      26 |      12 |  31.6
        D:4 |      96 |       0 |   0.0 |       6 |       0 |   0.0
        D:5 |     357 |     662 |  65.0 |      13 |       8 |  38.1
        D:6 |     478 |       0 |   0.0 |      14 |       0 |   0.0
        D:7 |    1206 |     940 |  43.8 |      22 |       2 |   8.3
        D:8 |     790 |     986 |  55.5 |      14 |       7 |  33.3
        D:9 |    1616 |       0 |   0.0 |      23 |       0 |   0.0
       D:10 |    2780 |       0 |   0.0 |      32 |       0 |   0.0
     Lair:1 |     157 |    1458 |  90.3 |       1 |       2 |  66.7
    Ossuary |       0 |     389 | 100.0 |       0 |      32 | 100.0
            +---------+---------+-------+---------+---------+-------
